[Event "Live Chess"]
[Site "Chess.com"]
[Date "2023.05.20"]
[Round "-"]
[White "Hussamalhaidar"]
[Black "Mikhail_Golubev"]
[Result "0-1"]
[WhiteElo "1036"]
[BlackElo "2505"]
[TimeControl "300"]
[EndTime "15:25:57 PDT"]
[Termination "Mikhail_Golubev won by resignation"]

1. b3 d6 2. Bb2 Nd7 3. e4 Ngf6 4.
Nc3 c5 5. f4 g6 6. Nd5 Bg7 7.
Nxf6+ Bxf6 8. Bxf6 Nxf6 9. e5 Nh5 10. g3 dxe5 11. Bb5+ Kf8 12. fxe5 Qd5 13. Qf3 Qxe5+ 14. Ne2 Qxa1+ 15. Kf2 Qf6 16. Qxf6 Nxf6 17. Rf1 Kg7 18. Bc4 Bf5 19. d3 a6 20. Nf4 b5 21. Bd5 Rad8 22.
Bb7 e5 23. Ne2 e4 24. Bxa6 exd3 25. cxd3 Ng4+ 26. Kg2 Ne3+ 27. Kg1 Nxf1 28. Kxf1 Bxd3 29. Kf2 Ra8 30. Bb7 Rxa2 31. Bd5 Rxe2+ 32. Kf3 Rhe8 0-1

[Event "Live Chess"]
[Site "Chess.com"]
[Date "2023.05.20"]
[Round "-"]
[White "GEMdzq"]
[Black "CheckThis4"]
[Result "0-1"]
[WhiteElo "2226"]
[BlackElo "2533"]
[TimeControl "300"]
[EndTime "15:26:00 PDT"]
[Termination "CheckThis4 won by resignation"]

1. e4 Nc6 2. Bc4 Nf6 3. Nc3 e6 4. Nf3 d5 5. exd5 exd5 6. Bb5 Bd6 7. O-O O-O 8. d4 Bg4 9. Bg5 Bxf3 10. gxf3 h6 11. Bh4 Bf4 12. Ne2 Qd6 13. Nxf4 Qxf4 14.
Bg3 Qxd4 15. Bxc6 Qxd1 16. Raxd1 bxc6 17. Bxc7 Rfe8 18. Rfe1 Nd7 19. Bd6 f6 20. Re3 Kf7 21. Kf1 Rxe3 22. fxe3 Nb6 23. Kf2 Nc4 24. Bc5 Nxb2 25.
Rb1 Na4 26. Rb7+ Ke6 27. Re7+ Kf5 28. Bd6 g5 29. Rc7 Ke6 30. Bg3 c5 31. Rc6+ Kf5 32. Rd6 Nb6 33. Rc6 Rc8 34. Rd6 h5 35. h4 c4 36. c3 Rc5 37. Rd8 Ra5 38. Bc7 gxh4 39. a4 Rxa4 40. Bxb6 Ra2+ 41. Kg1 axb6 42. Rxd5+ Kg6 43.
Rd4 Re2 44. e4 Re3 45. Rxc4 Rxf3 46. Rc6 Kg5 47. Kg2 Re3 48. Rxb6 Rxc3 49. Rb5+ Kg4 50. e5 h3+ 51. Kf2 f5 52. e6 Rc2+ 53. Ke3 f4+ 54. Kd3 Rc1 55. Re5 h2 56. e7 Rc8 57.
Re1 Kf3 58. Kd4 Re8 0-1

[Event "Live Chess"]
[Site "Chess.com"]
[Date "2023.05.20"]
[Round "-"]
[White "Long1968"]
[Black "xx_blindpuffin_xx"]
[Result "0-1"]
[WhiteElo "1202"]
[BlackElo "2212"]
[TimeControl "300"]
[EndTime "15:26:04 PDT"]
[Termination "xx_blindpuffin_xx won on time"]

1. e4 c6 2. d4 d5 3. e5 Bf5 4. Bd3 Bxd3 5. Qxd3 e6 6. f4 h5 7. Nf3 Nh6 8. c3 Nf5 9. O-O Nd7 10. b4 a5 11. Bd2 h4 12. Be1 Qb6 13. Nbd2 axb4 14.
cxb4 Qxb4 15. Rb1 Ra3 16. Rxb4 Rxd3 17. Rxb7 c5 18. dxc5 Bxc5+ 19. Bf2 Bxf2+ 20. Kxf2 Ra3 21. Rc1 Ke7 22. Rcc7 Rd8 23. Ng5 Rxa2 24. Ke2 Nd4+ 25. Kd3 Nf5 26. Nxf7 Kxf7 0-1

[Event "Live Chess"]
[Site "Chess.com"]
[Date "2023.05.20"]
[Round "-"]
[White "Duke_of_Bebington"]
[Black "JoeRoot66"]
[Result "0-1"]
[WhiteElo "1575"]
[BlackElo "1923"]
[TimeControl "300"]
[EndTime "15:26:04 PDT"]
[Termination "JoeRoot66 won by resignation"]

1. e4 c6 2. d4 d5 3. e5 Bf5 4. g4 Bg6 5. h4 h5 6. Bd3 Bxd3 7.
Qxd3 hxg4 8. e6 Nf6 9. exf7+ Kxf7 10. h5 Rxh5 11. Rxh5 Nxh5 12. Bg5 Nf6 13. Ne2 Ne4 14. f3 Nxg5 15. Qf5+ Kg8 16. Qxg5 gxf3 17. Nf4 Nd7 18. Nd2 Nf6 19. Nxf3 Qb6 20. O-O-O Qa6 21. Kb1 Re8 22. Ne6 Qe2 23. Rh1 Qxf3 24. Qh4 Qe4 25. Qh8+ Kf7 26.
Ng5+ Kg6 27. Nxe4 dxe4 28. Rg1+ Kf7 29. Qh3 e6 30. Kc1 g6 31. Qg3 Bh6+ 32. Kd1 Rg8 33. Ke2 Nd5 34. Qe5 Bf4 35. Qxe4 b5 36. b3 Bd6 37. c4 Nc3+ 38. Ke3 Nxe4 39. Kxe4 bxc4 40. bxc4 Rh8 41. Rg2 Rh4+ 42. Ke3 Bf4+ 43. Kd3 Rh3+ 44. Kc2 Ra3 45. Kb2 Rd3 0-1

[Event "Live Chess"]
[Site "Chess.com"]
[Date "2023.05.20"]
[Round "-"]
[White "JohanKjeldahl"]
[Black "CeladonFish"]
[Result "1-0"]
[WhiteElo "1867"]
[BlackElo "1166"]
[TimeControl "300"]
[EndTime "15:26:07 PDT"]
[Termination "JohanKjeldahl won by resignation"]

1. e4 d6 2. d4 Nf6 3. Nc3 g6 4. f4 Bg7 5. Nf3 O-O 6. Bd3 Bg4 7. O-O Bxf3 8. Qxf3 Nc6 9. Be3 Qd7 10. Rad1 Ng4 11.
e5 Nxe3 12. Qxe3 dxe5 13. dxe5 Qe6 14. b3 Rad8 15. Ne4 Nd4 16. Nc5 Qd5 17. Ne4 f6 18.
Bc4 1-0

[Event "Live Chess"]
[Site "Chess.com"]
[Date "2023.05.20"]
[Round "-"]
[White "WilliamofOrange16th"]
[Black "HonestJoe1"]
[Result "1-0"]
[WhiteElo "1848"]
[BlackElo "2102"]
[TimeControl "300"]
[EndTime "15:26:09 PDT"]
[Termination "WilliamofOrange16th won on time"]

1. b3 g6 2. Bb2 Nf6 3. Bxf6 exf6 4. c4 Bg7 5. Nc3 O-O 6. g3 d6 7. Bg2 Nc6 8. e3 Be6 9. Nge2 Qd7 10. Nf4 Rab8 11.
O-O Bg4 12. Qb1 g5 13. Nfd5 Ne5 14. f3 Be6 15. d4 Ng6 16. f4 Bh3 17. Qc2 c6 18.
Nb4 a5 19. Nd3 Bxg2 20. Qxg2 Rfe8 21. Qf2 d5 22. Nc5 Qe7 23. cxd5 b6 24. Nd3 Qxe3 25. Rad1 cxd5 26. Nxd5 Qe4 27. Nc3 Qb7 28. f5 Nf8 29. Qf3 Nd7 30. Qxb7 Rxb7 31. Rfe1 Rbb8 32. Nb5 Bf8 33.
Kf2 Bb4 34. Re2 Rxe2+ 35. Kxe2 Re8+ 36. Kf3 Nb8 37. a3 Bf8 38. Rc1 Rd8 39. g4 Kg7 40. Rc7 Bd6 41. Rb7 Bxh2 42. Rxb6 Bg1 43. Ke4 Re8+ 44.
Kd5 Nd7 45. Rb7 Nf8 46. Nd6 Rd8 47. Rb6 Bh2 48. Nc5 Nd7 49. Nxd7 Rxd7 50. Kc5 h5 51. gxh5 Bxd6+ 52. Rxd6 Rxd6 53. Kxd6 g4 54. Kc7 g3 55. d5 g2 56. d6 g1=Q 57. d7 1-0

[Event "Live Chess"]
[Site "Chess.com"]
[Date "2023.05.20"]
[Round "-"]
[White "grillage"]
[Black "omisoc"]
[Result "0-1"]
[WhiteElo "1856"]
[BlackElo "2148"]
[TimeControl "300"]
[EndTime "15:26:11 PDT"]
[Termination "omisoc won by checkmate"]

1. d4 g6 2. Nc3 d5 3. Bf4 Bg7 4.
e3 a6 5. Nf3 Nf6 6. h4 Bg4 7.
Qd2 Bxf3 8. gxf3 Nbd7 9. O-O-O c6 10. Be2 Qa5 11. Kb1 O-O-O 12. e4 e6 13. e5 Ne8 14. Bg5 h5 15. Bxd8 Qxd8 16. f4 Bh6 17. Na4 b5 18. Nc3 Qb6 19. Rde1 Nc7 20. Nd1 c5 21. c3 c4 22. f3 Nb8 23. Nf2 Nc6 24.
Nh3 Rd8 25. Ng5 Rd7 26. Ka1 Bf8 27. Bf1 a5 28. Bh3 b4 29. Rb1 b3 30. a3 Qb5 31.
Nh7 Be7 32. Ng5 Qa4 33. Rbe1 Nb5 34. Nxe6 Bxa3 35. Kb1 Bb4 36. Kc1 Qa1# 0-1

[Event "Live Chess"]
[Site "Chess.com"]
[Date "2023.05.20"]
[Round "-"]
[White "wot-not"]
[Black "Jo1ts"]
[Result "1-0"]
[WhiteElo "1526"]
[BlackElo "771"]
[TimeControl "300"]
[EndTime "15:26:28 PDT"]
[Termination "wot-not won by checkmate"]

1. e4 e5 2. f4 exf4 3. Nf3 Nf6 4.
e5 Ne4 5. d4 d6 6. Bd3 Ng5 7. Bxf4 Nxf3+ 8. Qxf3 dxe5 9. Bxe5 Nc6 10. O-O Nxd4 11. Qxf7# 1-0

[Event "Live Chess"]
[Site "Chess.com"]
[Date "2023.05.20"]
[Round "-"]
[White "KeithArkell"]
[Black "DaveL5678"]
[Result "1-0"]
[WhiteElo "2607"]
[BlackElo "1023"]
[TimeControl "300"]
[EndTime "15:26:34 PDT"]
[Termination "KeithArkell won by resignation"]

1. d4 Nf6 2. Nf3 g6 3. c4 Bg7 4.
Nc3 d5 5. cxd5 Nxd5 6. g3 Nxc3 7. bxc3 b6 8. Bg2 Bb7 9. O-O Nd7 10. a4 O-O 11. a5 Nf6 12. Ba3 Nd5 13. c4 Nc3 14. Qc2 Bxd4 15. Nxd4 Qxd4 16. Bxb7 Rad8 17. Bf3 Rd7 18.
Bb2 Nxe2+ 19. Qxe2 Qd6 20. Rad1 Qe6 21. Qxe6 fxe6 22.
Rxd7 1-0

[Event "Live Chess"]
[Site "Chess.com"]
[Date "2023.05.20"]
[Round "-"]
[White "VicLemon"]
[Black "wadsy27"]
[Result "0-1"]
[WhiteElo "1361"]
[BlackElo "2560"]
[TimeControl "300"]
[EndTime "15:26:49 PDT"]
[Termination "wadsy27 won by resignation"]

1. d4 d5 2. Nf3 Nf6 3. c4 c6 4. g3 Bf5 5. Bg2 h6 6. O-O e6 7. Nbd2 Be7 8. b3 O-O 9. Bb2 Nbd7 10.
Ne5 a5 11. Re1 a4 12. e4 dxe4 13. Nxe4 axb3 14. Nxf6+ Nxf6 15. axb3 Qb6 16. Rxa8 Rxa8 17.
d5 cxd5 18. Bd4 Qd8 19. c5 Nd7 20. Nxd7 Qxd7 21. b4 Qa4 22. Qxa4 Rxa4 23. b5 Rxd4 0-1

[Event "Live Chess"]
[Site "Chess.com"]
[Date "2023.05.20"]
[Round "-"]
[White "fretle"]
[Black "chessfiction"]
[Result "0-1"]
[WhiteElo "1833"]
[BlackElo "2342"]
[TimeControl "300"]
[EndTime "15:26:50 PDT"]
[Termination "chessfiction won on time"]

1. f4 e5 2. fxe5 d6 3. exd6 Nc6 4. dxc7 Qxc7 5. Nf3 Bd6 6. d4 Nf6 7. c3 Bf5 8. Be3 Ng4 9. Bg1 Bf4 10. e3 Bxe3 11.
Qe2 O-O 12. Bxe3 Nxe3 13. Qxe3 Rfe8 14. Ne5 Nxe5 15. Kd1 Nd3 16. Qd2 Re1+ 17. Qxe1 Nxe1 18. Kxe1 Re8+ 19. Kd1 Bg4+ 20. Kc2 Qf4 21. Na3 Bf5+ 22. Kb3 Qd2 23. Bc4 Be6 24. Bxe6 Rxe6 25. Nc4 Qd3 26. Rae1 Rxe1 27. Rxe1 h6 28. Re8+ Kh7 29. Re5 Qd1+ 30. Ka3 b5 0-1

[Event "Live Chess"]
[Site "Chess.com"]
[Date "2023.05.20"]
[Round "-"]
[White "1600x"]
[Black "BJAW87"]
[Result "1-0"]
[WhiteElo "1758"]
[BlackElo "1424"]
[TimeControl "300"]
[EndTime "15:27:02 PDT"]
[Termination "1600x won by resignation"]

1. Nc3 e5 2. e3 d5 3. e4 dxe4 4. Nxe4 f5 5. Nc3 Nf6 6. d3 Nc6 7. Qe2 Bd6 8. Nf3 O-O 9. Nb5 e4 10. dxe4 fxe4 11. Ng5 Bg4 12. f3 exf3 13. gxf3 Re8 14.
Be3 Bh5 15. O-O-O Qe7 16. Qc4+ Kh8 17. Bd2 Ne5 18. Qh4 Nxf3 19. Qf2 Nxg5 20. Bxg5 Bxd1 21. Nxd6 Qxd6 22. Bxf6 Qxf6 23. Qxf6 gxf6 24. Kxd1 Rad8+ 25. Bd3 c5 26. b3 b5 27. Kc1 a6 28. a4 Rb8 29.
Rf1 Kg7 30. axb5 axb5 31. h4 b4 32. h5 h6 33. Rg1+ Kf8 34. Rg6 Re1+ 35. Kd2 Rh1 36. Rxf6+ Kg7 37. Rg6+ Kf7 38. Rxh6 Rd8 39. Ke3 Rh3+ 40.
Kf4 Kg7 41. Rh7+ Kf6 42. Rh6+ Ke7 43. Ke5 Kd7 44. Bf5+ Kc7 45. Bxh3 Rd2 46. Bf5 Rxc2 47. Bxc2 1-0

[Event "Live Chess"]
[Site "Chess.com"]
[Date "2023.05.20"]
[Round "-"]
[White "WelshTiger"]
[Black "nigelst"]
[Result "1-0"]
[WhiteElo "2377"]
[BlackElo "1830"]
[TimeControl "300"]
[EndTime "15:27:02 PDT"]
[Termination "WelshTiger won by checkmate"]

1. e4 c6 2. d4 d5 3. f3 e6 4. Nc3 Bb4 5. Qd3 b6 6. Qe3 Nf6 7. Bd2 Ba6 8. Bxa6 Nxa6 9. a3 Bxc3 10.
Bxc3 Nc7 11. Ne2 O-O 12. g4 Re8 13. g5 Nd7 14. h4 c5 15. O-O-O cxd4 16. Nxd4 Nc5 17.
h5 Qe7 18. g6 fxg6 19. hxg6 h6 20. Nc6 Qd6 21. Rxh6 Qxc6 22. Rh8+ Kxh8 23. Qh6+ Kg8 24. Qxg7# 1-0

[Event "Live Chess"]
[Site "Chess.com"]
[Date "2023.05.20"]
[Round "-"]
[White "Brooms1989"]
[Black "Singapourfeuj"]
[Result "1-0"]
[WhiteElo "1079"]
[BlackElo "2211"]
[TimeControl "300"]
[EndTime "15:27:11 PDT"]
[Termination "Brooms1989 won by checkmate"]

1. e4 e6 2. d4 d5 3. Nc3 Nf6 4. e5 Nfd7 5. Nf3 c5 6. Be3 Nc6 7. Qd2 cxd4 8. Nxd4 Ndxe5 9. Nxc6 Nxc6 10. O-O-O Bd7 11. h4 Bb4 12. a3 Be7 13. Ne2 O-O 14. h5 Na5 15. Ng3 Rc8 16. Kb1 Bf6 17. Bd4 e5 18. Bc3 Rxc3 19. Qxc3 d4 20. Qd3 Be6 21. Ne4 Be7 22. Be2 Qb6 23. Nd2 Bxa3 24. Qxa3 Rc8 25.
Bd3 f5 26. g4 e4 27. Bf1 e3 28.
fxe3 dxe3 29. Nf3 fxg4 30. Nd4 Bd5 31. Rg1 Bf3 32. Nxf3 gxf3 33. Qe7 e2 34. Qxg7# 1-0

[Event "Live Chess"]
[Site "Chess.com"]
[Date "2023.05.20"]
[Round "-"]
[White "inspireyou"]
[Black "GMHarry-youtube"]
[Result "1-0"]
[WhiteElo "1521"]
[BlackElo "2004"]
[TimeControl "300"]
[EndTime "15:27:36 PDT"]
[Termination "inspireyou won by resignation"]

1. d4 Nf6 2. c4 g6 3. g3 Bg7 4. Bg2 O-O 5. Nf3 d5 6. cxd5 Nxd5 7. Nc3 Nxc3 8. bxc3 c5 9. O-O cxd4 10. cxd4 Nc6 11. e3 e5 12. Nxe5 Nxe5 13. dxe5 Bxe5 14. Ba3 Bxa1 15. Bxf8 Qxd1 16. Rxd1 Kxf8 17. Rxa1 Rb8 18. Rc1 b6 19. Rc7 a5 20. Bd5 Be6 21. Bxe6 fxe6 22.
Rxh7 b5 23. Rh8+ Ke7 24. Rxb8 b4 25. Ra8 1-0

[Event "Live Chess"]
[Site "Chess.com"]
[Date "2023.05.20"]
[Round "-"]
[White "domrobson"]
[Black "lateforthesky"]
[Result "0-1"]
[WhiteElo "1783"]
[BlackElo "2122"]
[TimeControl "300"]
[EndTime "15:28:00 PDT"]
[Termination "lateforthesky won by resignation"]

1. d4 Nf6 2. c4 g6 3. Nc3 Bg7 4.
e4 d6 5. Be2 O-O 6. Bg5 Na6 7. a3 c6 8. h4 Nc7 9. h5 d5 10. exd5 cxd5 11. hxg6 fxg6 12. Qd2 Ne4 13. Nxe4 dxe4 14. Be3 b6 15. O-O-O Be6 16. d5 Bf7 17. Bh6 Re8 18. Bxg7 Kxg7 19. Qh6+ Kg8 20. Qxh7+ Kf8 21. Nh3 Qd6 22. g3 Qe5 23. Ng5 Qxg5+ 0-1

[Event "Live Chess"]
[Site "Chess.com"]
[Date "2023.05.20"]
[Round "-"]
[White "jk0110"]
[Black "HoarseyHorsey"]
[Result "0-1"]
[WhiteElo "1116"]
[BlackElo "1440"]
[TimeControl "300"]
[EndTime "15:28:21 PDT"]
[Termination "HoarseyHorsey won on time"]

1. e4 c5 2. b4 e6 3. bxc5 Bxc5 4. d4 Bb6 5. Nf3 Ne7 6. Bd3 d5 7. e5 Nbc6 8. c3 O-O 9. Bxh7+ Kh8 10. Ng5 Ng8 11.
Qh5 Nh6 12. Nxf7+ Rxf7 13. Bxh6 Kxh7 14. Bg5+ Kg8 15. Bxd8 Nxd8 16. O-O Rf5 17. Qh4 Nf7 18. Nd2 Nh6 19. Nf3 Bd7 20. Qe7 Rf7 21. Qd6 Bb5 22.
Rfe1 Re8 23. Ng5 Rf5 24. Nxe6 Nf7 25. Qb4 Rxe6 26. Qxb5 Nd8 27. Qxd5 Kh8 28. Qxe6 Nxe6 29. d5 Nf4 30. Rf1 Nd3 31. e6 Nxf2 32. Rxf2 Rxf2 33.
Kh1 Re2 34. d6 Kg8 0-1

[Event "Live Chess"]
[Site "Chess.com"]
[Date "2023.05.20"]
[Round "-"]
[White "AbilifyXL"]
[Black "MarkLim1"]
[Result "1-0"]
[WhiteElo "1977"]
[BlackElo "1657"]
[TimeControl "300"]
[EndTime "15:28:22 PDT"]
[Termination "AbilifyXL won by resignation"]

1. d4 e6 2. c4 Bb4+ 3. Bd2 Bxd2+ 4. Qxd2 d5 5. cxd5 exd5 6. Nc3 Nf6 7. Nf3 O-O 8. e3 Bf5 9. Bd3 Bxd3 10. Qxd3 c6 11. O-O Nbd7 12. b4 a6 13. a4 Re8 14. b5 axb5 15.
axb5 Rxa1 16. Rxa1 c5 17. dxc5 Nxc5 18. Qd1 b6 19. Nd4 Nfe4 20. Nce2 Qh4 21. Ng3 Qf6 22. Ra2 Nc3 23. Qd2 Nxa2 24. Qxa2 Rd8 25. h3 g6 26. Nge2 Ne4 27. Nf3 Ng5 28. Nfd4 Ne4 29. Nf3 Qd6 30.
Ned4 Qc5 31. Qb2 Ra8 32. Kh2 Ra4 33. Ne5 Rb4 34. Qa1 Nxf2 35. Qf1 Rb2 36. Qa1 Rb4 37. Kg1 Ne4 38. Nd7 Qc8 39. Nf6+ Kg7 40. Nc6 Nxf6 41. Nxb4 Qc5 42. Qd4 Qxb5 43. Kh2 Qc5 44. Qd2 Qd6+ 45. Kh1 h5 46. Nd3 Ne4 47. Qb2+ Qf6 48. Qb5 Qf1+ 49. Kh2 Nf6 50. Qb3 Qf5 51. Nf4 g5 52. Ne2 Qe5+ 53. Kg1 h4 54. Qxb6 Qxe3+ 55. Qxe3 1-0

[Event "Live Chess"]
[Site "Chess.com"]
[Date "2023.05.20"]
[Round "-"]
[White "Tushinskiy"]
[Black "Nazar_777"]
[Result "1-0"]
[WhiteElo "2155"]
[BlackElo "1625"]
[TimeControl "300"]
[EndTime "15:28:28 PDT"]
[Termination "Tushinskiy won by checkmate"]

1. d4 e6 2. c3 a6 3. Nf3 h5 4.
Bf4 c5 5. e3 cxd4 6. exd4 Nf6 7.
Bd3 Be7 8. Nbd2 b5 9. Qe2 b4 10. h3 bxc3 11. bxc3 Nc6 12. O-O Bb7 13. Rab1 Qc8 14.
Nc4 g5 15. Bxg5 Qc7 16. Bh4 Ng4 17. Bg3 d6 18. hxg4 hxg4 19. Nh2 Bh4 20. d5 Ne5 21. Nxe5 Bxg3 22. fxg3 Qc5+ 23. Qf2 Qxf2+ 24. Rxf2 dxe5 25. Rxb7 Rd8 26. Rfxf7 Rxd5 27. Nxg4 Rxd3 28. Nf6+ Kd8 29. Rb8# 1-0

[Event "Live Chess"]
[Site "Chess.com"]
[Date "2023.05.20"]
[Round "-"]
[White "Daniel_Gliddon_FA"]
[Black "ShanthamGrarks"]
[Result "0-1"]
[WhiteElo "1268"]
[BlackElo "1924"]
[TimeControl "300"]
[EndTime "15:28:34 PDT"]
[Termination "ShanthamGrarks won by resignation"]

1. e4 e5 2. d4 exd4 3. c3 d3 4.
Bxd3 b6 5. Bf4 Nf6 6. Qc2 Bb7 7. f3 Nc6 8. Nd2 Be7 9. O-O-O a5 10. Ne2 a4 11.
Ng3 a3 12. b3 Ba6 13. e5 Nd5 14. Bxa6 Nxf4 15. Bf1 O-O 16. Nde4 Nxe5 17. Nf5 Bf6 18. g3 Ne6 19. f4 Ng6 20. Nxg7 Bxg7 21. f5 Ng5 22. Nxg5 Qxg5+ 23. Kb1 Ne7 24. h4 Qxf5 25.
Bd3 Qf6 26. Bxh7+ Kh8 27. Rxd7 c6 28. g4 Nd5 29. g5 Nxc3+ 30. Kc1 Qf4+ 31. Qd2 Nxa2+ 32.
Kc2 Qe5 33. Rd4 Kxh7 34. Qd3+ Kg8 35. h5 Rad8 36. h6 Rxd4 37. hxg7 Nb4+ 38. Kb1 Rxd3 39. gxf8=Q+ Kxf8 40. Rh8+ Kg7 0-1

[Event "Live Chess"]
[Site "Chess.com"]
[Date "2023.05.20"]
[Round "-"]
[White "f4nomore"]
[Black "LiamClery2020"]
[Result "0-1"]
[WhiteElo "1416"]
[BlackElo "2072"]
[TimeControl "300"]
[EndTime "15:28:40 PDT"]
[Termination "LiamClery2020 won by resignation"]

1. d4 Nf6 2. Bg5 Ne4 3. Bh4 d5 4. c3 c5 5. e3 Nc6 6. Nd2 Nxd2 7.
Qxd2 cxd4 8. cxd4 h6 9. Bg3 e5 10. Ne2 exd4 11. exd4 Bf5 12. Qe3+ Be7 13. Nc3 O-O 14.
Bd3 Bg5 15. Qf3 Nxd4 16. Qxd5 Bxd3 17. Qxd8 Raxd8 18. f4 Nc2+ 19. Kf2 Nxa1 20. Rxa1 Bf6 0-1

[Event "Live Chess"]
[Site "Chess.com"]
[Date "2023.05.20"]
[Round "-"]
[White "manthanit"]
[Black "jennybobby44"]
[Result "0-1"]
[WhiteElo "1022"]
[BlackElo "1846"]
[TimeControl "300"]
[EndTime "15:28:47 PDT"]
[Termination "jennybobby44 won by resignation"]

1. e4 c5 2. d4 cxd4 3. Qxd4 Nc6 4. Qd1 g6 5. Nc3 Bg7 6. Nf3 Nf6 7. h3 O-O 8. Bd3 d6 9. O-O a6 10. Re1 Nd7 11. a3 Nc5 12. Bc4 b5 13. Ba2 Be6 14. b4 Bxc3 15. Bxe6 Nxe6 16. Rb1 Bxe1 17. Qxe1 Ne5 18.
Bb2 Nxf3+ 19. gxf3 f6 20. Qc3 Ng7 21. f4 Qc8 22.
Qd3 Qc4 23. Qd1 Qxe4 24. Bc1 Nf5 25. f3 Qd4+ 26. Qxd4 Nxd4 27. Kf2 Nxc2 28. Rb3 Nd4 29. Rc3 Rac8 30. Rxc8 Rxc8 31. Bb2 e5 32. fxe5 dxe5 33. f4 Rc2+ 34. Ke3 Rxb2 35. fxe5 fxe5 36. Ke4 Nc2 37. Kxe5 Nxa3 38. Kd5 Rxb4 39. Kc6 Rc4+ 40. Kb6 b4 41. Kxa6 b3 42. Kb6 b2 0-1

[Event "Live Chess"]
[Site "Chess.com"]
[Date "2023.05.20"]
[Round "-"]
[White "CheckThis4"]
[Black "risinghelios"]
[Result "1-0"]
[WhiteElo "2534"]
[BlackElo "1906"]
[TimeControl "300"]
[EndTime "15:28:55 PDT"]
[Termination "CheckThis4 won by resignation"]

1. d4 Nf6 2. Nc3 e6 3. e4 Bb4 4. e5 Nd5 5. Bd2 Bxc3 6. bxc3 O-O 7. Qg4 Kh8 8. Bd3 d6 9. Nf3 c5 10. h4 dxe5 11. Nxe5 f6 12. Qh5 f5 13. Ng6+ Kg8 14.
Nxf8 Qxf8 15. O-O Nc6 16. dxc5 Qxc5 17. Qe8+ Qf8 18. Qxf8+ Kxf8 19. c4 Ndb4 20. Rab1 a5 21. a3 Nxd3 22. cxd3 Ne5 23. Rb5 Nxd3 24. Rxa5 Rxa5 25.
Bxa5 Ne5 26. c5 Bd7 27. Bc7 Nc4 28. Rc1 Nxa3 29. Bd6+ Ke8 30. c6 1-0

[Event "Live Chess"]
[Site "Chess.com"]
[Date "2023.05.20"]
[Round "-"]
[White "sanjesh_ananda"]
[Black "AttackingSnowLeopard"]
[Result "0-1"]
[WhiteElo "1053"]
[BlackElo "2124"]
[TimeControl "300"]
[EndTime "15:28:57 PDT"]
[Termination "AttackingSnowLeopard won by resignation"]

1. e4 c6 2. d4 d5 3. e5 c5 4. Nf3 Nc6 5. c4 cxd4 6. Nxd4 Nxd4 7. Qxd4 dxc4 8. Qxd8+ Kxd8 9. Bxc4 e6 10. Bg5+ Be7 11. Be3 Bb4+ 12. Nd2 Ne7 13. O-O-O Kc7 14.
Nb3 b6 15. a3 Ba5 16. Nd4 a6 17. b4 b5 18. Bxb5 axb5 19. bxa5 Rxa5 20. Nb3 Rxa3 21. Kb2 Ra4 22. Nc5 Rb4+ 23. Ka3 Rc4 24. Rd7+ Bxd7 0-1

[Event "Live Chess"]
[Site "Chess.com"]
[Date "2023.05.20"]
[Round "-"]
[White "CeladonFish"]
[Black "JoeRoot66"]
[Result "0-1"]
[WhiteElo "1166"]
[BlackElo "1923"]
[TimeControl "300"]
[EndTime "15:28:58 PDT"]
[Termination "JoeRoot66 won by checkmate"]

1. d4 d5 2. c4 e6 3. Nc3 Nf6 4. cxd5 exd5 5. Bf4 c6 6. e3 Bd6 7. Nf3 Bxf4 8. exf4 O-O 9. Be2 Re8 10. O-O Ne4 11. Nxe4 dxe4 12. Nd2 Qxd4 13. Nb3 Qb6 14. Qc2 Bf5 15. Qc3 Nd7 16. Rfd1 Nf6 17. Nd4 Nd5 18. Qb3 Qxb3 19. axb3 Nxf4 20. Rd2 Nxe2+ 21. Rxe2 Bg6 22. Rae1 Rad8 23. Nf3 Kf8 24. Ng5 h6 25. Nxe4 Bxe4 26. Rxe4 Rxe4 27. Rxe4 Rd1+ 28. Re1 Rxe1# 0-1

[Event "Live Chess"]
[Site "Chess.com"]
[Date "2023.05.20"]
[Round "-"]
[White "CameronM1234"]
[Black "Delacorta"]
[Result "0-1"]
[WhiteElo "1088"]
[BlackElo "1425"]
[TimeControl "300"]
[EndTime "15:29:08 PDT"]
[Termination "Delacorta won on time"]

1. e4 e6 2. d3 d5 3. Nd2 Nf6 4. e5 Nfd7 5. d4 c5 6. c3 Qb6 7. Ngf3 Nc6 8. Nb3 c4 9. Nbd2 a5 10. a4 Be7 11. b3 cxb3 12. Nxb3 O-O 13. c4 dxc4 14. Bxc4 Qb4+ 15. Nbd2 Qb6 16. d5 exd5 17. Bxd5 Ncxe5 18. Nxe5 Nxe5 19. O-O Qg6 20. Qb3 Bh3 21. Be4 Qg4 22. Kh1 Bxg2+ 23. Bxg2 Qe2 24. Qb2 Nd3 25. Qc2 Nxf2+ 26. Kg1 Qe3 27. Nc4 Nh3+ 28. Kh1 Qg1+ 29. Rxg1 Nf2+ 30. Qxf2 Rad8 31. Ne5 Bf6 32. Nf3 Bxa1 33. Bg5 Bd4 34. Bxd8 Bxf2 35. Rf1 Ba7 0-1

[Event "Live Chess"]
[Site "Chess.com"]
[Date "2023.05.20"]
[Round "-"]
[White "LL220284LL"]
[Black "Biranidun"]
[Result "1-0"]
[WhiteElo "2399"]
[BlackElo "2726"]
[TimeControl "300"]
[EndTime "15:29:24 PDT"]
[Termination "LL220284LL won on time"]

1. e3 Nf6 2. b3 g6 3. Bb2 Bg7 4. Nf3 d6 5. Be2 e5 6. d3 O-O 7. Nbd2 Re8 8. O-O Nbd7 9. c4 Nf8 10. Re1 h6 11. Rc1 g5 12. Nf1 Ng6 13.
N3d2 c6 14. Ng3 Be6 15. d4 exd4 16. Bxd4 d5 17. Qc2 Qd7 18. Qb2 Qe7 19. cxd5 cxd5 20. Rc2 Rec8 21. Rec1 Rxc2 22. Rxc2 Ne8 23. Nh5 Bxd4 24.
Qxd4 f6 25. Bd3 Ne5 26. Ng3 Ng7 27. Be2 Nc6 28. Qb2 Rd8 29. Nf3 h5 30. Nd4 h4 31.
Nf1 Bd7 32. Nxc6 bxc6 33. Nd2 h3 34. g3 Nf5 35. Nf1 Qe4 36. f3 Qe7 37. Qc1 Re8 38.
Bd3 Nd6 39. Kf2 Kg7 40. Qb2 g4 41. Qd4 gxf3 42. Qxa7 Ne4+ 43. Bxe4 dxe4 44. Nd2 f5 45. Nc4 Be6 46. Qxe7+ Rxe7 47. Ne5 Bd5 48. Nxc6 Bxc6 49. Rxc6 Rd7 50. Rc2 Rd3 51. Rb2 Kf6 52. b4 Ke7 53. b5 Kd7 54. b6 Kc8 55. b7+ Kb8 56.
a4 Ra3 57. g4 fxg4 58. Kg3 Rxa4 59. Kxg4 Ra1 60. Kf4 Rf1 61. Kxe4 f2 62. Kf3 Rh1 63. Rxf2 Kxb7 64. Kg3 Re1 65. Rf3 Kc6 66. Kxh3 Kd5 67. Kg4 Ke4 68. Rg3 Rf1 69. h4 Ke5 70. h5 Rh1 71.
Kg5 Ke6 72. Kg6 Ke7 73. h6 Kf8 74. e4 Ke7 75. Kg7 Rf1 76. h7 Re1 77. h8=Q Rh1 78. Qxh1 Ke6 79. Rf3 Kd6 80. Qh4 Kc5 81. Qg5+ Kc6 82.
Qf5 1-0

[Event "Live Chess"]
[Site "Chess.com"]
[Date "2023.05.20"]
[Round "-"]
[White "AlanPaling"]
[Black "Conradical12"]
[Result "0-1"]
[WhiteElo "1221"]
[BlackElo "1607"]
[TimeControl "300"]
[EndTime "15:29:44 PDT"]
[Termination "Conradical12 won on time"]

1. c4 e5 2. Nc3 Nc6 3. g3 f5 4. Bg2 Bc5 5. e3 Nf6 6. Nge2 O-O 7. b3 d6 8. Bb2 Be6 9. d4 exd4 10. exd4 Bb4 11. d5 Bxc3+ 12. Nxc3 Bd7 13. dxc6 Bxc6 14. Bxc6 bxc6 15. O-O f4 16. Qf3 fxg3 17. hxg3 Qd7 18. Rae1 Ng4 19. Qg2 Rf5 20. f3 Ne5 21. Re3 Raf8 22.
Ne2 Qf7 23. f4 Ng4 24. Ref3 Re8 25. Bc1 Qe7 26. Nd4 Rh5 27. Qc2 Rh2 28. Qc3 c5 29.
Nf5 Qf7 30. Ne3 Nxe3 31. Rxe3 Rxe3 32. Qxe3 Rxa2 33. Re1 Kf8 34. Qe6 Rc2 35. Qxf7+ Kxf7 36. Kf1 Rc3 37. Be3 Rxb3 38. Kf2 a5 39. Ra1 Rb2+ 40.
Kf3 Kf6 41. Rxa5 Kf5 42. g4+ Ke6 43. Ra7 Kd7 44. f5 Rb4 45. g5 Rxc4 46. f6 gxf6 47.
gxf6 Rb4 48. Bh6 Rb1 49. Ke2 Rb2+ 50. Kd3 Rf2 51. Bg7 h5 52. Ra1 Rf5 53. Rh1 Ke6 0-1

[Event "Live Chess"]
[Site "Chess.com"]
[Date "2023.05.20"]
[Round "-"]
[White "stevochess11"]
[Black "smoggyrabbit"]
[Result "1-0"]
[WhiteElo "1763"]
[BlackElo "1693"]
[TimeControl "300"]
[EndTime "15:29:51 PDT"]
[Termination "stevochess11 won on time"]

1. d4 e6 2. Nf3 f5 3. Bg5 Nf6 4. Nbd2 d6 5. e4 Be7 6. e5 dxe5 7. dxe5 Nd5 8. Bxe7 Qxe7 9. Bc4 O-O 10. O-O Nc6 11. Nb3 Nf4 12. Nbd4 Nxd4 13. Qxd4 Ng6 14. Rfe1 b6 15.
h4 Bb7 16. Ng5 Bc8 17. Rad1 h6 18. Nf3 Bb7 19. h5 Bxf3 20. Rd3 Be4 21. Rg3 Nf4 22. f3 Nxh5 23. Rh3 Nf4 24. Rg3 c5 25. Qe3 Nd5 26.
Qxh6 f4 27. Rg5 Bf5 28. g4 fxg3 29. Rxg3 Bxc2 30. Re2 Bf5 31. Rh2 g6 32. Qh8+ Kf7 33. Rh7+ Ke8 34. Rxe7+ Nxe7 35. Qg7 Rd8 36. Bb5+ 1-0